 Dungeon Crawl Stone Soup version 0.31.0-32-g396128a36d (webtiles) character file.

Game seed: 10877016605147611650

1862 GiantSquids the Cleaver (level 9, -4/78 HPs)
             Began as a Hill Orc Fighter on Apr 17, 2024.
             Was a Follower of Okawaru.
             Slain by a boulder beetle (22 damage)
             ... on level 8 of the Dungeon.
             The game lasted 00:14:11 (4869 turns).

GiantSquids the Cleaver (Hill Orc Fighter)          Turns: 4869, Time: 00:14:11

Health: -4/78      AC: 11    Str: 23    XL:     9   Next: 13%
Magic:  9/9        EV:  9    Int:  8    God:    Okawaru [*.....]
Gold:   124        SH:  4    Dex: 10    Spells: 8/8 levels left

rFire   + . .        w - +8 whip "Muischaps" {freeze, SInv}
rCold   + + .        c - +0 buckler
rNeg    + . .        b - +0 scale mail
rPois   .            e - +1 helmet
rElec   .            E - scarf {rC+ rF+}
rCorr   .            (no gloves)
SInv    +            s - +0 pair of boots
Will    .....        q - amulet of regeneration Stlth
                     t - ring of protection from cold
HPRegen 1.13/turn    B - ring of positive energy
MPRegen 0.11/turn

%: no passive effects
@: mighty
A: no striking features
a: Renounce Religion, Heroism


You were on level 8 of the Dungeon.
You worshipped Okawaru.
Okawaru was aware of your devotion.
You visited 2 branches of the dungeon, and saw 9 of its levels.

You collected 184 gold pieces.
You spent 60 gold pieces at shops.

Inventory:

Hand Weapons
 w - the +8 whip "Muischaps" (weapon) {freeze, SInv}
   (You found it on level 5 of the Dungeon)

   SInv:      It lets you see invisible.
Missiles
 a - 2 javelins (quivered)
 y - 2 boomerangs
 z - 5 datura-tipped darts
Armour
 b - a +0 scale mail (worn)
 c - a +0 buckler (worn)
 e - a +1 helmet (worn)
 s - a +0 pair of boots (worn)
 E - a scarf of resistance (worn)
Jewellery
 q - an amulet of regeneration (around neck)
 t - a ring of protection from cold (left hand)
 B - a ring of positive energy (right hand)
Wands
 v - a wand of flame (14)
Scrolls
 g - a scroll of enchant armour
 h - a scroll of fear
 i - a scroll of vulnerability
 j - 3 scrolls of teleportation
 k - 2 scrolls of immolation
 l - 2 scrolls of fog
 o - a scroll of brand weapon
 u - a scroll of revelation
 x - a scroll of poison
 D - a scroll of amnesia
Potions
 d - a potion of might
 m - 2 potions of curing {unknown}
 n - a potion of enlightenment {unknown}
 p - 5 potions of heal wounds
 r - a potion of berserk rage {unknown}
 A - a potion of brilliance {unknown}
 C - a potion of degeneration {unknown}


   Skills:
 + Level 6.4 Fighting
 * Level 12.1 Axes
 + Level 6.8 Armour
 - Level 3.2 Shields


You had 8 spell levels left.
You didn't know any spells.
Your spell library contained the following spells:

 Spells                   Type           Power      Damage    Failure   Level
 Stone Arrow              Conj/Erth      0%         3d7       98%         3
 Lehudib's Crystal Spear  Conj/Erth      0%         10d2      100%        8
 Animate Armour           Summ/Erth      Unusable   N/A       N/A         4

Dungeon Overview and Level Annotations

Branches:
Dungeon (8/15)             Temple (1/1) D:6
   Lair: D:8-11

Altars:
Ashenzari
Cheibriados
Dithmenos
Elyvilon
Fedhas
Gozag
Hepliaklqana
Kikubaaqudgha
Nemelex Xobeh
Okawaru
Qazlal
Ru
Sif Muna
Trog
Vehumet
Wu Jian
Xom
Yredelemnul
Zin
The Shining One

Shops:
D:2 [   D:3 !

Annotations:
D:5 2 transporters, newgorp's ghost, novice HuHW


Message History

The centaur warrior hits you. The centaur warrior kicks you.
The boulder beetle barely misses you.
The centaur warrior wields a +0 shortbow.
The centaur warrior shoots an arrow.
The arrow hits you!
You hit the boulder beetle but do no damage.
The boulder beetle bites you!
You hit the boulder beetle. You freeze the boulder beetle.
The boulder beetle is lightly wounded.
The boulder beetle bites you!!
You hit the boulder beetle but do no damage.
The boulder beetle is lightly wounded.
The boulder beetle barely misses you.
You hit the boulder beetle but do no damage.
The boulder beetle is lightly wounded.
The boulder beetle closely misses you.
You whack the boulder beetle! You freeze the boulder beetle.
The boulder beetle is lightly wounded.
The boulder beetle bites you.
You feel very mighty all of a sudden. The boulder beetle bites you.
You hit the boulder beetle but do no damage.
The boulder beetle is lightly wounded.
You hit the boulder beetle. You freeze the boulder beetle.
The boulder beetle is moderately wounded.
The boulder beetle barely misses you.
You hit the boulder beetle but do no damage.
The boulder beetle is lightly wounded.
The boulder beetle bites you!
* * * LOW HITPOINT WARNING * * *
You hit the boulder beetle. You freeze the boulder beetle.
The boulder beetle is moderately wounded.
The boulder beetle bites you!
* * * LOW HITPOINT WARNING * * *
You hit the boulder beetle. You freeze the boulder beetle.
The boulder beetle is moderately wounded.
The boulder beetle leaps!
You hit the boulder beetle but do no damage.
The boulder beetle is moderately wounded.
The boulder beetle bites you!!
You die...

## ## $. ##c
.# .. !#.
##.###
##.##..#@###
......c.°B..#
#########.#.#
#>#.#
########.# #
#........#
#........# #
.##....§..##.#
.....§.§.....#


You could see a boulder beetle and a centaur warrior.

Vanquished Creatures
  Edmund (D:4)
  2 water moccasins
  A sky beast (D:5)
  A black bear (D:7)
  2 ice beasts (D:7)
  3 ogres
  3 scorpions
  2 wights (D:6)
  A howler monkey (D:5)
  A bombardier beetle (D:5)
  2 jellies
  A hound (D:7)
  2 orc priests
  Jessica (D:3)
  3 orc wizards
  3 iguanas
  9 adders
  4 gnolls (D:6)
  A shadow imp (D:6)
  A white imp (D:7)
  4 ufetubi
  2 ribbon worms
  9 orcs
  7 ball pythons
  5 bats
  8 endoplasms
  6 giant cockroaches
  2 goblins (D:2)
  5 hobgoblins
  7 jackals
  4 quokkas
  4 frilled lizards
  7 kobolds
  3 rats
117 creatures vanquished.

Notes
Turn   | Place    | Note
-------+----------+-------------------------------------------
     0 | D:1      | GiantSquids the Hill Orc Fighter began the quest for the
                  | Orb.
     0 | D:1      | Reached XP level 1. HP: 19/19 MP: 1/1
    64 | D:1      | Reached skill level 3 in Axes
    65 | D:1      | Reached XP level 2. HP: 25/27 MP: 2/2
   581 | D:1      | Reached XP level 3. HP: 33/33 MP: 3/3
   894 | D:2      | Reached skill level 4 in Axes
  1147 | D:2      | Reached XP level 4. HP: 30/40 MP: 4/4
  1328 | D:2      | Found Bineteb's Armour Boutique.
  1349 | D:2      | Reached skill level 5 in Axes
  1596 | D:3      | Found a broken altar of Ashenzari.
  1643 | D:3      | Noticed Jessica
  1651 | D:3      | Killed Jessica
  1953 | D:3      | Reached XP level 5. HP: 46/46 MP: 5/5
  2079 | D:3      | Found Ynlela Niel's Distillery.
  2085 | D:3      | Bought a potion of heal wounds for 60 gold pieces
  2278 | D:4      | Reached skill level 6 in Axes
  2520 | D:4      | Noticed an ogre
  2529 | D:4      | Killed an ogre
  2530 | D:4      | Reached skill level 7 in Axes
  2530 | D:4      | Reached XP level 6. HP: 33/53 MP: 6/6
  2647 | D:4      | Noticed Edmund
  2655 | D:5      | Entered Level 5 of the Dungeon
  2688 | D:5      | Reached skill level 8 in Axes
  2731 | D:5      | Found a transporter.
  2736 | D:5      | Noticed newgorp's ghost (novice HuHW)
  2753 | D:5      | Found a transporter.
  2810 | D:5      | Reached XP level 7. HP: 42/60 MP: 7/7
  2977 | D:4      | Killed Edmund
  2978 | D:4      | Reached skill level 9 in Axes
  3211 | D:4      | Reached skill level 5 in Fighting
  3349 | D:5      | Identified the +8 whip "Muischaps" {freeze, SInv}
  3415 | D:5      | Reached skill level 5 in Armour
  3430 | D:5      | Reached skill level 10 in Axes
  3430 | D:5      | Reached XP level 8. HP: 61/68 MP: 8/8
  3739 | D:5      | You fall into a shaft and drop 1 floor!
  3756 | D:6      | Found a staircase to the Ecumenical Temple.
  3765 | Temple   | Entered the Ecumenical Temple
  3778 | Temple   | Became a worshipper of Warmaster Okawaru
  3861 | D:6      | Identified the +3 ring mail "Wabbargha" {Fly rF+ Str-2
                  | Int+3}
  4029 | D:6      | Reached skill level 11 in Axes
  4533 | D:7      | Reached * piety under Okawaru
  4536 | D:7      | Found a stormy altar of Qazlal.
  4603 | D:7      | Reached XP level 9. HP: 59/75 MP: 9/9
  4606 | D:7      | Reached skill level 12 in Axes
  4850 | D:8      | Noticed a centaur warrior
  4854 | D:8      | Noticed a boulder beetle
  4869 | D:8      | Slain by a boulder beetle

Illustrated notes

Levels and vault maps discovered:
D:1:      giann_forest_graveyard, layout_loops_corners
D:2:      layout_basic, serial_shops, nicolae_lakefront_shop, glass_columns_b,
          grunt_ministairs_6
D:3:      layout_loops_cross, nicolae_ashenzari_panopticon, serial_shops, shop,
          uniq_jessica
D:4:      layout_loops_cross, uniq_edmund
D:5:      layout_layer_cave, gammafunk_ghost_stat_death, minmay_holes
D:6:      layout_basic, minmay_temple_entry_antechambers, chequers_avenue,
          hex_tiny
D:7:      layout_basic, mainiacjoe_overflow_chevrons
D:8:      minmay_bloctagon_deflated, layout_loops_ring, makhleb_grotto_becter,
          old_standard_altar, uniq_gastronok
Temple:   nicolae_temple_no_exploring_needed

Skill      XL: |  1  2  3  4  5  6  7  8  9 |
---------------+----------------------------+-----
Axes           | 3 4 5 7 8 10 11 12 | 12.1
Fighting       | 4 5 6 |  6.4
Armour         | 4 5 6 |  6.8
Shields        | |  3.2

Action                     |  1- 3 |  4- 6 |  7- 9 || total
---------------------------+-------+-------+-------++-------
  Melee: War axe           |   101 |   127 |    37 ||   265
         Whip              |       |       |   138 ||   138
    Use: Scroll            |       |       |    10 ||    10
         Potion            |       |       |     1 ||     1
 Armour: Scale mail        |    67 |    69 |   117 ||   253
  Dodge: Dodged            |    49 |    45 |    68 ||   162
  Block: Buckler           |    18 |    29 |    28 ||    75
